 Dungeon Crawl Stone Soup version 0.29-a0-337-g68df138881 (webtiles) character file.

Game seed: 1991987396058836234

58 Fascinator the Insei (level 4, 0/33 HPs)
             Began as a Djinni Transmuter on Apr 17, 2022.
             Slain by Natasha (2 damage)
             ... on level 2 of the Dungeon.
             The game lasted 00:07:55 (2532 turns).

Fascinator the Insei (Djinni Transmuter)            Turns: 2532, Time: 00:07:56

Health: 0/33       AC:  6    Str:  9    XL:     4   Next: 21%
Gold:   83         EV: 12    Int: 16    God:
                   SH:  0    Dex: 14

rFire   + + .      SeeInvis .     - Unarmed
rCold   x . .      Faith    .   (no shield)
rNeg    . . .      Spirit   .   k - +0 leather armour
rPois   ∞          Reflect  .   e - +0 helmet
rElec   .          Harm     .   h - +1 cloak
rCorr   .          Rampage  .   (no gloves)
Will    .....                   (boots unavailable)
Stlth   +.........              (no amulet)
HPRegen 0.11/turn               (no ring)
MPRegen 0.00/turn               (no ring)

@: wereblooded (expiring), flying
A: sickness immunity, fire resistance 2, cold vulnerability 1, float, innate
caster, HP casting, extra vitality 1
a: no special abilities


You were on level 2 of the Dungeon.
You visited 1 branch of the dungeon, and saw 2 of its levels.

You collected 83 gold pieces.

Inventory:

Armour
 a - a +0 robe
 e - a +0 helmet (worn)
 h - a +1 cloak (worn)
 k - a +0 leather armour (worn)
Scrolls
 c - a scroll of identify {unknown}
 g - a scroll of enchant weapon {unknown}
 i - a scroll of magic mapping {unknown}
 j - 2 scrolls of summoning {unknown}
Potions
 b - 2 potions of lignification
 d - a potion of heal wounds {unknown}
 f - 2 potions of mutation {unknown}
 l - a potion of magic {unknown}


   Skills:
 * Level 2.2 Fighting
 + Level 2.7 Dodging
 + Level 3.3 Unarmed Combat
 * Level 2.2 Spellcasting


You couldn't memorise any spells.
You knew the following spells:

 Your Spells              Type           Power      Damage    Failure   Level
a - Beastly Appendage     Tmut           16%        N/A       12%         1
b - Wereblood             Tmut           8%         N/A       17%         2
c - Spider Form           Tmut/Pois      8%         N/A       34%         3
d - Ice Form              Ice/Tmut       8%         N/A       75%         4
e - Magic Dart            Conj           32%        1d4       12%         1
Your spell library was empty.

Dungeon Overview and Level Annotations

Branches:
Dungeon (2/15)

Altars:
Dithmenos

Annotations:
D:2 Natasha


Innate Abilities, Weirdness & Mutations

You are immune to sickness and miasma.
You are immune to poison.
Your flesh is very heat resistant. (rF++)
You are vulnerable to cold. (rC-)
You float through the air rather than walking.
You learn spells naturally, not from books.
Your magical power is your life essence.
You have superior vitality. (+4 MHP)


Message History

The crimson imp hits you.
You closely miss the crimson imp. The crimson imp barely misses you.
You hit the crimson imp but do no damage.
The crimson imp misses you.
You barely miss the crimson imp. The crimson imp closely misses you.
You miss the crimson imp. The crimson imp hits you.
You closely miss the crimson imp.
Natasha casts a spell.
The crimson imp hits you.
You hit the crimson imp.
The crimson imp is moderately wounded.
You hit the crimson imp but do no damage.
The crimson imp is moderately wounded.
You howl as the wereblood boils in your veins!
The crimson imp closely misses you.
You hit the crimson imp.
The crimson imp is heavily wounded.
The crimson imp misses you.
You miss the crimson imp.
The crimson imp is moderately wounded.
The crimson imp blinks!
You hit Natasha but do no damage. Natasha barely misses you.
You hit Natasha.
Natasha is lightly wounded.
Your primal bloodlust is almost over.
The crimson imp blinks!
Natasha claws you.
* * * LOW HITPOINT WARNING * * *
You hit Natasha but do no damage.
Natasha is lightly wounded.
The crimson imp blinks!
Natasha closely misses you.
You barely miss Natasha.
Natasha is lightly wounded.
The crimson imp disappears in a puff of smoke!
The white imp lashes its tail.
Natasha claws you.
* * * LOW HITPOINT WARNING * * *
You hit Natasha.
Natasha is moderately wounded.
Natasha claws you.
You die...

####.##....###....#
#....##.#..........
#.#........###.##.#
#.#.....§.........#
#.#..._.........).#
#.#.............<.#
#.#................
#.##..........##...
#.@h5.)........#.##
######.##..........##
#.......+...^........
#......##..........#.
#......#....#......#.
#......#.##.#.#......
#......#. #.#........
#......# #........
#......# #........


You could see Natasha and a white imp (summoned).

Vanquished Creatures
  An adder (D:2)
  A worm (D:2)
  3 dart slugs
  2 endoplasms (D:2)
  A giant cockroach (D:1)
  7 goblins
  7 hobgoblins
  3 jackals (D:1)
  2 quokkas (D:1)
  5 ball pythons
  2 bats
  A frilled lizard (D:2)
  2 kobolds (D:1)
  2 rats (D:1)
39 creatures vanquished.

Notes
Turn   | Place    | Note
-------+----------+-------------------------------------------
     0 | D:1      | Fascinator the Djinni Transmuter began the quest for the
                  | Orb.
     0 | D:1      | Reached XP level 1. HP: 17/17 MP: 0/0
   282 | D:1      | Reached XP level 2. HP: 16/22 MP: 0/0
   392 | D:1      | Found a faded altar of an unknown god.
  1094 | D:1      | Reached XP level 3. HP: 22/27 MP: 0/0
  1094 | D:1      | Learned a level 1 spell: Magic Dart
  1805 | D:2      | Found a shadowy altar of Dithmenos.
  2163 | D:2      | Reached XP level 4. HP: 32/33 MP: 0/0
  2494 | D:2      | Noticed Natasha
  2532 | D:2      | Slain by Natasha

Illustrated notes

Levels and vault maps discovered:
D:1:      kennysheep_arrival_forest, layout_basic, basic_ecumenical_altar,
          serial_curves, eino_curves_01, eino_curves_03, minmay_tromino_v4_b
D:2:      minmay_chambers_of_twos, layout_basic, basic_altar, uniq_natasha,
          uniq_robin

Skill      XL: |  1  2  3 |
---------------+----------+-----
Spellcasting   | 2 |  2.2
Fighting       | 2 |  2.2
Dodging        | |  2.7
Unarmed Combat | |  3.3

Action                   |  1- 3 |  4- 6 || total
-------------------------+-------+-------++-------
Melee: Unarmed           |   168 |    60 ||   228
       Headbutt          |     7 |       ||     7
       Punch             |     5 |       ||     5
 Cast: Beastly Appendage |     7 |       ||     7
       Wereblood         |     3 |     1 ||     4
 Stab: Sleeping          |     2 |       ||     2
Armor: Robe              |    18 |       ||    18
       Leather armour    |    22 |    16 ||    38
Dodge: Dodged            |   110 |    38 ||   148

Table legend: (Time is in decaauts)
 A = Elapsed time spent in this place.
 B = Non-inter-level travel time spent in this place.
 C = Inter-level travel time spent in this place.
 D = Time resting spent in this place.
 E = Time spent auto-exploring this place.
 F = Levels seen in this place.
 G = Mean time per level.
                   A        B        C        D        E       F      G
               +--------+--------+--------+--------+--------+-----+--------+
         Total |   2518 |   2462 |     56 |    952 |   1115 |   2 | 1259.0 |
       Dungeon |   2518 |   2462 |     56 |    952 |   1115 |   2 | 1259.0 |
               +--------+--------+--------+--------+--------+-----+--------+

Top non-repeatable levels by time:
     D:1: 1651 daAuts
     D:2: 866 daAuts
